 Dungeon Crawl Stone Soup version 0.31.0-11-ge490571c62 (webtiles) character file.

Game seed: 1334582059260319336

417 azerty75 the Chopper (level 6, -13/55 HPs)
             Began as a Hill Orc Fighter on Jan 26, 2024.
             Was an Initiate of Yredelemnul.
             Mangled by a white ugly thing (31 damage)
             ... summoned by the darkness of Dithmenos
             ... on level 4 of the Dungeon on Jan 29, 2024.
             The game lasted 00:21:34 (2757 turns).

azerty75 the Chopper (Hill Orc Fighter)             Turns: 2757, Time: 00:21:35

Health: -13/55     AC: 13    Str: 21    XL:     6   Next: 93%
Magic:  6/6        EV:  6    Int:  8    God:    Yredelemnul [......]
Gold:   216        SH:  4    Dex: 10    Spells: 4/5 levels left

rFire   . . .        a - +0 war axe
rCold   . . .        c - +0 buckler
rNeg    . . .        q - +0 plate armour
rPois   .            (no helmet)
rElec   .            b - +0 cloak
rCorr   .            (no gloves)
SInv    .            (no boots)
Will    .....        (no amulet) Stlth
                     (no ring)
HPRegen 0.29/turn    (no ring)
MPRegen 0.10/turn

%: no passive effects
@: no status effects
A: no striking features
a: Renounce Religion, Recall Undead Harvest


You were on level 4 of the Dungeon.
You worshipped Yredelemnul.
Yredelemnul was noncommittal.
You visited 1 branch of the dungeon, and saw 4 of its levels.

You collected 216 gold pieces.

Inventory:

Hand Weapons
 a - a +0 war axe (weapon)
 o - the +8 sling of the World {flame, rElec rF++}
   (You found it on level 3 of the Dungeon)

   rF++:      It greatly protects you from fire.
   rElec:     It insulates you from electricity.
 u - a +2 dagger of protection
Missiles
 m - 32 stones (quivered)
Armour
 b - a +0 cloak (worn)
 c - a +0 buckler (worn)
 q - a +0 plate armour (worn)
Scrolls
 h - 4 scrolls of identify {unknown}
 i - 3 scrolls of noise {unknown}
 j - a scroll of brand weapon {unknown}
 l - a scroll of enchant armour {unknown}
 r - a scroll of teleportation {unknown}
 s - a scroll of fear {unknown}
 v - a scroll of silence {unknown}
Potions
 d - 3 potions of might
 e - 3 potions of haste {unknown}
 f - a potion of attraction {unknown}
 g - 4 potions of curing {unknown}
 k - a potion of lignification {unknown}
 n - 2 potions of enlightenment {unknown}
 p - a potion of berserk rage {unknown}
 t - a potion of brilliance {unknown}


   Skills:
 + Level 4.8 Fighting
 + Level 6.4 Axes
 + Level 4.8 Armour
 + Level 1.1 Dodging
 + Level 0.4 Stealth
 + Level 4.0 Shields


You had 4 spell levels left.
You knew the following spells:

 Your Spells              Type           Power      Damage    Failure   Level
a - Magic Dart            Conj           0%         1d3       100%        1

Your spell library contained the following spells:

 Spells                   Type           Power      Damage    Failure   Level
 Blink                    Tloc           0%         N/A       100%        2
 Call Imp                 Summ           0%         N/A       100%        2


Dungeon Overview and Level Annotations

Branches:
Dungeon (4/15)
 Temple: D:4-7

Altars:
Dithmenos
Vehumet
Yredelemnul


Message History

Your gnoll zombie closely misses the kobold.
The kobold hits your gnoll zombie with a +0 short sword.
Your gnoll zombie hits the kobold.
The kobold hits your gnoll zombie with a +0 short sword.
Your gnoll zombie hits the kobold.
The kobold dies!
You swap places.
You swap places.
You see here a +0 short sword.
Dithmenos weaves monsters from the shadows.
You swap places.
Your gnoll zombie hits the kobold demonologist but does no damage.
You hear a shout!
You swap places.
A hobgoblin comes into view.
The kobold demonologist casts a cantrip, but nothing happens.
The hobgoblin hits your gnoll zombie.
Your gnoll zombie is destroyed!
The kobold demonologist begins to cast a cantrip, but forgets the words!
You slash the white ugly thing!
The white ugly thing is lightly wounded.
The sentinel's mark upon you fades away.
Your goblin zombie hits the kobold demonologist but does no damage.
You block the white ugly thing's attack.
The kobold demonologist gestures wildly while chanting.
You hit the white ugly thing but do no damage.
The white ugly thing is lightly wounded.
The white ugly thing headbutts you! The white ugly thing freezes you!!
Your goblin zombie barely misses the kobold demonologist.
You slash the white ugly thing!
The white ugly thing is moderately wounded.
The quasit bites your goblin zombie. The quasit claws your goblin zombie. x2
You block the white ugly thing's attack.
Your goblin zombie closely misses the quasit.
The hobgoblin hits your goblin zombie.
Your goblin zombie is destroyed!
The white ugly thing headbutts you. The white ugly thing freezes you!!
Ouch! That really hurt!
You die...
Your body rises from the dead as a mindless zombie.

#.####....#
##.# #.# #.
#.Z.......###
#.# #.# #.
#.###.......#
#.# #.# #.
#.# #.......#
#.# #.# ##
#.#
#.......###.#
#.# # #.#
#.#..........
#.#
#.#.........#
#.#
#.##.#.##.##
#.# #.##@#.#
#.##u#.#
#.#5K..#
.#.g#..# #.#.
.## #.## ## #


You could see a white ugly thing (summoned), a kobold demonologist (summoned), a
quasit (summoned) and a hobgoblin.

Vanquished Creatures
  Grinder (D:3)
  Natasha (twice) (D:2)
  Terence (D:3)
  4 gnolls (D:4)
  2 adders
  A dart slug (D:3)
  3 orcs (D:4)
  8 endoplasms
  3 giant cockroaches
  7 goblins
  11 hobgoblins
  3 jackals (D:4)
  5 kobolds
  6 quokkas
  6 ball pythons
  2 bats
  3 frilled lizards (D:1)
  26 rats
94 creatures vanquished.

Vanquished Creatures (collateral kills)
  A dart slug (D:4)
  An orc (D:4)
  A goblin (D:4)
  A hobgoblin (D:4)
  A kobold (D:4)
5 creatures vanquished.

Vanquished Creatures (others)
  An adder zombie (D:4)
  2 gnoll zombies (D:4)
  A dart slug zombie (D:3)
  A goblin zombie (D:4)
  3 hobgoblin zombies (D:4)
  2 jackal zombies (D:4)
  2 kobold zombies (D:4)
  2 orc zombies (D:4)
14 creatures vanquished.

Grand Total: 113 creatures vanquished

Notes
Turn   | Place    | Note
-------+----------+-------------------------------------------
     0 | D:1      | azerty75 the Hill Orc Fighter began the quest for the Orb.
     0 | D:1      | Reached XP level 1. HP: 19/19 MP: 1/1
    59 | D:1      | Reached XP level 2. HP: 24/27 MP: 2/2
   223 | D:1      | Reached skill level 3 in Axes
   325 | D:1      | Reached XP level 3. HP: 33/33 MP: 3/3
   360 | D:1      | Found a faded altar of an unknown god.
   774 | D:2      | Noticed Natasha
   782 | D:2      | Killed Natasha
   783 | D:2      | Reached skill level 4 in Axes
   783 | D:2      | Reached XP level 4. HP: 35/40 MP: 4/4
   840 | D:2      | Noticed Natasha
   850 | D:2      | Killed Natasha
  1036 | D:2      | Learned a level 1 spell: Magic Dart
  1492 | D:3      | Noticed Terence
  1495 | D:3      | Killed Terence
  1496 | D:3      | Reached XP level 5. HP: 44/47 MP: 5/5
  1589 | D:3      | Found a shadowy altar of Dithmenos.
  1605 | D:3      | Reached skill level 5 in Axes
  1620 | D:3      | Became a worshipper of Dithmenos the Shadowed
  1798 | D:3      | Identified the +8 sling of the World {flame, rElec rF++}
  1868 | D:3      | Found a basalt altar of Yredelemnul.
  1870 | D:3      | Noticed Grinder
  1893 | D:3      | Killed Grinder
  1894 | D:3      | Reached skill level 6 in Axes
  1894 | D:3      | Reached skill level 1 in Dodging
  1894 | D:3      | Reached XP level 6. HP: 33/55 MP: 6/6
  2098 | D:3      | Fell from the grace of Dithmenos
  2098 | D:3      | Became a worshipper of Yredelemnul the Dark
  2544 | D:4      | Reached * piety under Yredelemnul
  2555 | D:4      | Found a radiant altar of Vehumet.
  2752 | D:4      | Noticed a white ugly thing
  2752 | D:4      | Noticed a kobold demonologist
  2757 | D:4      | Mangled by a white ugly thing

Illustrated notes

Levels and vault maps discovered:
D:1:      tarquinn_simple_flora_water_d, layout_rooms,
          shapermc_ecumenical_altar_starsandcircs, chequers_arboretum
D:2:      layout_basic, minmay_rat_hole, uniq_natasha
D:3:      layout_loops_cross, yredelemnul_altar_generic,
          nicolae_dithmenos_shadow_blocks, uniq_grinder, uniq_terence
D:4:      layout_loops_ring, fiery_altar_vehumet, roderic_serpentine_path

Skill      XL: |  1  2  3  4  5 |
---------------+----------------+-----
Axes           | 3 4 6 |  6.4
Fighting       | 4 |  4.8
Armour         | 4 |  4.8
Dodging        | 1 |  1.1
Shields        | 4 |  4.0
Stealth        | |  0.4

Action                     |  1- 3 |  4- 6 || total
---------------------------+-------+-------++-------
  Melee: War axe           |   114 |   157 ||   271
 Armour: Scale mail        |    57 |    39 ||    96
         Ring mail         |       |    14 ||    14
         Plate armour      |       |    65 ||    65
  Dodge: Dodged            |    54 |    44 ||    98
  Block: Buckler           |    25 |    33 ||    58
